 Dungeon Crawl Stone Soup version 0.27-a0-695-gb4952372f7 (webtiles) character file.

Game seed: 12659137730061586608

27454 jasper the Sculptor of Flesh (level 13, 0/104 HPs)
             Began as a Demonspawn Delver on Mar 21, 2021.
             Was an Elder of Yredelemnul.
             Slain by a swamp worm (16 damage)
             ... on level 2 of the Lair of Beasts.
             The game lasted 00:28:08 (15138 turns).

jasper the Sculptor of Flesh (Demonspawn Delver)   Turns: 15138, Time: 00:28:08

Health: 0/104      AC: 18    Str: 17    XL:     13   Next: 4%
Magic:  0/23       EV: 11    Int: 12    God:    Yredelemnul [****..]
Gold:   964        SH:  0    Dex: 17    Spells: 12/12 levels left

rFire    . . .     SeeInvis .   a - +0 hand axe (flame)
rCold    . . .     Faith    .   (no shield)
rNeg     . . .     Spirit   +   i - +4 ring mail of Hubris {Slay+6}
rPois    +         Reflect  .   l - +1 helmet
rElec    .         Harm     .   (no cloak)
rCorr    +         Rampage  .   q - +0 pair of gloves {Stlth+}
Will     +....                  U - +0 pair of boots
Stlth    +++.......             x - amulet of magic regeneration
HPRegen  0.27/turn              R - ring of poison resistance
MPRegen  0.61/turn              W - ring of Ysal {Will+ rCorr Dex+2}

@: no status effects
A: talons 2, molten scales 1, spiny 3, magic shield, magic regeneration
a: Renounce Religion, Recall Undead Slaves, Injury Mirror, Animate Dead, Drain
Life


You were on level 2 of the Lair of Beasts.
You worshipped Yredelemnul.
Yredelemnul was greatly pleased with you.
You visited 2 branches of the dungeon, and saw 15 of its levels.
You also visited: Volcano.

You collected 1188 gold pieces.
You spent 224 gold pieces at shops.

Inventory:

Hand Weapons
 a - a +0 hand axe of flaming (weapon)
 C - a +1 morningstar
 G - the +3 broad axe of Dissatisfaction {antimagic, Int+9}
   (You found it on level 8 of the Dungeon)

   It reduces the magical energy of the wielder, and disrupts the spells and
   magical abilities of those hit.
   Natural abilities and divine invocations are not affected.
   It affects your intelligence (+9).
 H - a +0 battleaxe
 P - a +6 battleaxe
Missiles
 m - 237 stones (quivered)
 p - 18 boomerangs
 s - 26 poisoned darts
 z - 9 javelins
Armour
 d - +0 fire dragon scales
 i - the +4 ring mail of Hubris (worn) {Slay+6}
   (You found it on level 5 of the Dungeon)

   It affects your accuracy and damage with ranged weapons and melee attacks
   (+6).
 l - a +1 helmet (worn)
 q - a +0 pair of gloves of stealth (worn)
 r - a +1 scale mail of cold resistance
 L - a +2 kite shield
 S - the +2 chain mail "Deoxentes" {rF++ Int-5}
   (You found it on level 13 of the Dungeon)

   It affects your intelligence (-5).
   It greatly protects you from fire.
 U - a +0 pair of boots (worn)
Jewellery
 u - a ring of fire
 v - a ring of willpower
 x - an amulet of magic regeneration (around neck)
 y - a +6 ring of strength
 F - a ring of willpower
 M - a ring of positive energy
 O - a ring of willpower
 R - a ring of poison resistance (right hand)
 W - the ring of Ysal (left hand) {Will+ rCorr Dex+2}
   (You found it on level 1 of the Lair of Beasts)

   [ring of resist corrosion]

   It affects your dexterity (+2).
   It affects your willpower, your defense against some magical effects.
   It provides partial protection from all sources of acid and corrosion.
Wands
 b - a wand of iceblast (11)
 g - a wand of digging (3)
 B - a wand of polymorph (8)
 I - a wand of acid (35)
 N - a wand of flame (10)
Scrolls
 c - a scroll of fog
 e - a scroll of fear
 j - a scroll of immolation
 k - a scroll of enchant weapon
 n - 5 scrolls of teleportation
 o - 2 scrolls of enchant armour
 E - a scroll of amnesia
 X - a scroll of blinking {unknown}
Potions
 f - 2 potions of haste
 h - 5 potions of brilliance
 t - 4 potions of degeneration
 w - a potion of magic
 A - 5 potions of cancellation
 D - 2 potions of berserk rage
 J - 3 potions of attraction
 K - 3 potions of curing
 Q - a potion of flight
 T - a potion of lignification {unknown}
 V - a potion of heal wounds


   Skills:
 + Level 10.3 Fighting
 * Level 12.6 Axes
 + Level 9.0 Armour
 - Level 1.7 Dodging
 - Level 4.5 Stealth
 - Level 13.4 Invocations


You had 12 spell levels left.
You didn't know any spells.
Your spell library contained the following spells:

 Spells                   Type           Power      Damage    Failure   Level
 Beastly Appendage        Tmut           0%         N/A       47%         1
 Magic Dart               Conj           0%         1d3       47%         1
 Summon Small Mammal      Summ           0%         N/A       47%         1
 Blink                    Tloc           N/A        N/A       63%         2
 Call Imp                 Summ           0%         N/A       63%         2
 Searing Ray              Conj           0%         3d3       63%         2
 Slow                     Hex            0%         N/A       63%         2
 Wereblood                Tmut           0%         N/A       63%         2
 Call Canine Familiar     Summ           0%         N/A       85%         3
 Conjure Flame            Conj/Fire      0%         6-21      85%         3
 Dazzling Flash           Conj/Hex       0%         N/A       85%         3
 Mephitic Cloud           Conj/Pois/Air  0%         N/A       85%         3
 Spider Form              Tmut/Pois      0%         N/A       85%         3
 Summon Guardian Golem    Hex/Summ       0%         N/A       85%         3
 Fulminant Prism          Conj/Hex       0%         3d6       99%         4
 Ice Form                 Ice/Tmut       0%         N/A       99%         4
 Iskenderun's Mystic Bla  Conj/Tloc      0%         2d3       99%         4
 Summon Ice Beast         Ice/Summ       0%         N/A       99%         4
 Summon Lightning Spire   Summ/Air       0%         N/A       99%         4
 Blade Hands              Tmut           0%         N/A       100%        5


Dungeon Overview and Level Annotations

Branches:
Dungeon (13/15)            Temple (0/1) D:4            Lair (2/6) D:11
    Orc (0/2) D:9         Volcano (visited)
  Swamp: Lair:2-4    Shoals: Lair:2-4     Snake: Lair:2-4    Spider: Lair:2-4
 Vaults: D:13-14

Altars:
Dithmenos
Gozag
Kikubaaqudgha
Makhleb
Okawaru
Ru
Sif Muna
Uskayaw
Xom
Yredelemnul
The Shining One
Lugonu

Shops:
D:2 [

Annotations:
D:8 2 transporters, Prince Ribbit
D:10 1 runed translucent door, robertstho's ghost, journeyman DDFi
Lair:1 exclusion: oklob plant


Innate Abilities, Weirdness & Mutations

You have razor-sharp toenails.
You are partially covered in molten scales. (AC +2)
You are completely covered in sharp spines.
When hurt, damage is shared between your health and your magic reserves.
You regenerate magic rapidly.


Message History

The swamp worm is heavily wounded.
The swamp worm is struck by your spines.
The swamp worm bites you!
You take 9 damage, and have 82/104 hp.
You now have 18/23 mp.
Your bullfrog zombie hits the swamp worm.
The seven-headed hydra bites you. x2
The seven-headed hydra bites you but does no damage.
The seven-headed hydra bites you!
The seven-headed hydra barely misses you. x2
The seven-headed hydra bites you but does no damage.
The cane toad stings you.
You take 20 damage, and have 62/104 hp.
You now have 14/23 mp.
Your +0 hand axe of flaming bursts into flame!
a - a +0 hand axe of flaming (weapon)
The swamp worm is struck by your spines.
The swamp worm bites you!
Your bullfrog zombie barely misses the swamp worm.
You take 9 damage, and have 53/104 hp.
You now have 13/23 mp.
Unknown command.
Unknown command.
You slice one of the seven-headed hydra's heads off!
The flame cauterises the wound!
You hit the six-headed hydra. You burn the six-headed hydra.
The six-headed hydra is lightly wounded.
You hit the swamp worm. You burn the swamp worm. You hit the cane toad.
You burn the cane toad.
The swamp worm fires a harpoon shot at you.
The harpoon shot hits your bullfrog zombie.
The cane toad stings you!
The six-headed hydra bites you but does no damage.
The six-headed hydra bites you!
* * * LOW HITPOINT WARNING * * *
The six-headed hydra bites you!
* * * LOW HITPOINT WARNING * * *
The six-headed hydra bites you but does no damage. x2
The six-headed hydra bites you!
* * * LOW HITPOINT WARNING * * *
The swamp worm bites you!!
You die...
Your body rises from the dead as a mindless zombie.

...## .. ♣♣##PP........
...# §♣♣♣ #..........
...# §..♣♣ #......####
..Z# ♣♣♣♣...♣ #.....
...## ♣♣≈≈≈≈... #....
...P# ♣≈≈≈≈≈≈≈♣♣ .. ....#
♣≈≈≈≈≈≈≈≈♣♣ ...##
♣≈≈≈≈w≈DwF♣
....###♣♣♣♣♣♣♣♣Z@♣♣
...............ZZ.♣
.#.P.+#.##.#....Z.#
.................Z#
..................###
..................#Z#
.P.................##
.ZZ....Z....#......##
..#.##.P.#.##.....#.#####


You could see a six-headed hydra, a cane toad, 2 swamp worms, a friendly
basilisk zombie, 3 friendly yak zombies and a friendly bullfrog zombie.

Vanquished Creatures
  A fire dragon (Volcano)
  A hydra (Lair:1)
  Erica (D:8)
  A two-headed ogre (D:11)
  A lindwurm (Volcano)
  A manticore (D:12)
  A cyclops (D:10)
  A black mamba (Lair:1)
  2 cane toads (Lair:1)
  A rime drake (Lair:1)
  5 komodo dragons
  A troll (D:11)
  Grinder (D:3)
  A slime creature (D:12)
  Sigmund (D:2)
  2 wraiths
  24 yaks
  9 fire bats (Volcano)
  3 wyverns
  3 basilisks
  2 steam dragons (Volcano)
  Menkaure (D:7)
  7 vampire mosquitoes
  An acid dragon (D:11)
  A hell hound (Volcano)
  A water moccasin (Lair:1)
  5 sky beasts
  3 ice beasts
  2 black bears (D:8)
  3 orc warriors
  A necrophage (D:10)
  3 ogres
  4 centaurs
  2 phantoms (D:7)
  10 bullfrogs
  2 scorpions
  A water moccasin skeleton (D:7)
  6 wights
  3 howler monkeys (D:12)
  2 centaur zombies
  3 bullfrog zombies
  8 lava snakes (Volcano)
  A quasit (D:10)
  5 hounds
  2 centaur skeletons
  4 bullfrog skeletons
  3 iguanas
  8 orc priests
  Terence (D:3)
  10 orc wizards
  13 worker ants
  Natasha (thrice) (D:4)
  A hound zombie (D:9)
  A howler monkey zombie (D:7)
  A worker ant zombie (D:8)
  9 gnolls
  5 adders
  2 shadow imps
  A white imp (D:8)
  4 ufetubi
  An adder skeleton (D:8)
  2 worms
  5 leopard geckos
  38 orcs
  4 giant cockroaches
  3 goblins
  9 hobgoblins
  19 jackals
  7 kobolds
  2 quokkas
  2 ball pythons
  7 bats
  6 frilled lizards
  2 rats (D:3)
313 creatures vanquished.

Vanquished Creatures (collateral kills)
  A freezing wraith (D:12)
  4 slime creatures (D:12)
  10 yaks
  A steam dragon (Volcano)
  A water moccasin (Lair:1)
  2 ice beasts (D:13)
  An ogre (D:9)
  A phantom (D:6)
  A bullfrog (D:8)
  A wight (D:11)
  A centaur skeleton (D:11)
  An orc wizard (D:12)
  A leopard gecko (D:11)
  An orc (D:12)
27 creatures vanquished.

Vanquished Creatures (others)
  3 flying skulls (D:11)
  3 vampire mosquito zombies (D:13)
  A human zombie (D:8)
  2 yak zombies
  A centaur zombie (D:10)
  A gnoll zombie (D:6)
  5 orc zombies (D:13)
  A sky beast zombie (D:8)
  A steam dragon zombie (Volcano)
  4 fungi
  19 plants
41 creatures vanquished.

Grand Total: 381 creatures vanquished

Notes
Turn   | Place    | Note
-------+----------+-------------------------------------------
     0 | D:5      | jasper the Demonspawn Delver began the quest for the Orb.
     0 | D:5      | Reached XP level 1. HP: 18/18 MP: 1/1
    50 | D:5      | Found a shimmering blue altar of Sif Muna.
    54 | D:5      | Identified the +4 ring mail of Hubris {Slay+6}
    96 | D:4      | Noticed a worker ant
   155 | D:3      | Noticed Grinder
   168 | D:2      | Found Texatipp's Antique Armour Boutique.
   470 | D:1      | Gained mutation: You regenerate magic rapidly. [demonic
                  | ancestry]
   470 | D:1      | Reached XP level 2. HP: 24/24 MP: 2/2
   641 | D:1      | Reached skill level 1 in Armour
   668 | D:2      | Gained mutation: You have sharp toenails. [demonic
                  | ancestry]
   668 | D:2      | Reached XP level 3. HP: 29/29 MP: 3/3
   848 | D:2      | Bought a pair of embroidered gloves for 112 gold pieces
   891 | D:2      | Noticed Sigmund
   924 | D:3      | Found a basalt altar of Yredelemnul.
   938 | D:3      | Became a worshipper of Yredelemnul the Dark
  1119 | D:4      | Noticed Natasha
  1125 | D:4      | Killed Natasha
  1126 | D:4      | Reached XP level 4. HP: 35/35 MP: 4/4
  1178 | D:4      | Noticed Natasha
  1188 | D:4      | Killed Natasha
  1189 | D:4      | Gained mutation: You are partially covered in sharp spines.
                  | [demonic ancestry]
  1189 | D:4      | Reached XP level 5. HP: 24/42 MP: 5/5
  1194 | D:4      | Noticed Natasha
  1381 | D:4      | Found a staircase to the Ecumenical Temple.
  1613 | D:4      | Killed Natasha
  1614 | D:4      | Gained mutation: You are mostly covered in sharp spines.
                  | [demonic ancestry]
  1614 | D:4      | Reached XP level 6. HP: 41/48 MP: 6/6
  2116 | D:5      | Identified the +4 rapier of Dismay {vorpal, rElec}
  2683 | D:6      | Noticed an ice beast
  3011 | D:6      | Noticed an orc warrior
  3185 | D:7      | Reached skill level 5 in Axes
  3372 | D:7      | Reached XP level 7. HP: 47/55 MP: 7/7
  3555 | D:7      | Reached * piety under Yredelemnul
  3666 | D:7      | Reached skill level 1 in Invocations
  3693 | D:7      | Found an opulent altar of Gozag.
  3693 | D:7      | Found a burning altar of Makhleb.
  3723 | D:7      | Found an ancient bone altar of Kikubaaqudgha.
  3751 | D:7      | Reached skill level 5 in Fighting
  3821 | D:7      | Reached skill level 2 in Invocations
  4015 | D:7      | Noticed Menkaure
  4019 | D:7      | Killed Menkaure
  4020 | D:7      | Reached skill level 3 in Invocations
  4020 | D:7      | Gained mutation: You are partially covered in molten
                  | scales. (AC +2) [demonic ancestry]
  4020 | D:7      | Reached XP level 8. HP: 63/63 MP: 8/10
  4481 | D:3      | Killed Grinder
  4482 | D:3      | Reached skill level 4 in Invocations
  4494 | D:2      | Killed Sigmund
  4742 | D:2      | Bought a shiny helmet for 112 gold pieces
  5277 | D:3      | Found Coekiasch's Antique Weapon Boutique.
  5327 | D:3      | Reached ** piety under Yredelemnul
  5387 | D:3      | Noticed Terence
  5390 | D:3      | Killed Terence
  6043 | D:6      | Reached XP level 9. HP: 56/69 MP: 12/12
  6204 | D:6      | Found a hide-covered altar of Uskayaw.
  6209 | D:6      | Reached skill level 5 in Invocations
  6382 | D:6      | Reached skill level 5 in Armour
  7001 | D:8      | Identified the +3 broad axe of Dissatisfaction {antimagic,
                  | Int+9}
  7167 | D:8      | Noticed Erica
  7171 | D:8      | Found a shadowy altar of Dithmenos.
  7175 | D:8      | Killed Erica
  7175 | D:8      | Reached *** piety under Yredelemnul
  7176 | D:8      | Reached skill level 6 in Invocations
  7465 | D:8      | Found a transporter.
  7567 | D:8      | Noticed a green ugly thing
  7709 | D:8      | Found a shimmering altar of Xom.
  7741 | D:8      | Noticed a purple ugly thing
  7743 | D:8      | Found a transporter.
  7823 | D:8      | Noticed Prince Ribbit
  8005 | D:8      | Found a corrupted altar of Lugonu.
  8005 | D:8      | Noticed a brown ugly thing
  8005 | D:8      | Your ally Erica died
  8200 | D:9      | Found a staircase to the Orcish Mines.
  8223 | D:9      | Found a sacrificial altar of Ru.
  8263 | D:9      | Found an iron altar of Okawaru.
  8773 | D:9      | Gained mutation: You have razor-sharp toenails. [demonic
                  | ancestry]
  8773 | D:9      | Reached XP level 10. HP: 79/79 MP: 15/15
  8829 | D:9      | Reached skill level 7 in Invocations
  9347 | D:10     | Entered Level 10 of the Dungeon
  9607 | D:10     | Noticed a cyclops
  9615 | D:10     | Killed a cyclops
  9976 | D:10     | Found a runed translucent door.
  9976 | D:10     | Found a shimmering altar of Xom.
  9976 | D:10     | Noticed a +0 long sword of chaos
  9976 | D:10     | Noticed robertstho's ghost (journeyman DDFi)
 10026 | D:10     | Received a gift from Yredelemnul (3 flying skulls)
 10334 | D:11     | Reached skill level 13 in Invocations
 10334 | D:11     | Reached XP level 11. HP: 86/86 MP: 15/21
 10342 | D:11     | Noticed a two-headed ogre
 10355 | D:11     | Killed a two-headed ogre
 10356 | D:11     | Reached skill level 10 in Axes
 10587 | D:11     | Reached **** piety under Yredelemnul
 10893 | D:11     | Received a gift from Yredelemnul (4 flying skulls)
 11080 | D:11     | Received a gift from Yredelemnul (a wight)
 11087 | D:11     | Gained mutation: When hurt, damage is shared between your
                  | health and your magic reserves. [demonic ancestry]
 11087 | D:11     | Reached XP level 12. HP: 38/94 MP: 22/22
 11454 | D:11     | Found a staircase to the Lair.
 12062 | D:12     | Identified the +5 short sword of Division {freeze, +Rage
                  | Will+}
 12083 | D:12     | Received a gift from Yredelemnul (2 flying skulls)
 12902 | D:13     | Identified the +2 chain mail "Deoxentes" {rF++ Int-5}
 13060 | D:13     | Noticed a tengu warrior
 13151 | Lair:1   | Entered Level 1 of the Lair of Beasts
 13175 | Lair:1   | Noticed an eight-headed hydra
 13182 | Lair:1   | Killed a three-headed hydra
 13233 | Lair:1   | Found a dark tunnel.
 13252 | Volcano  | Entered a volcano
 13433 | Volcano  | Received a gift from Yredelemnul (a wraith)
 13442 | Volcano  | Noticed a fire dragon
 13454 | Volcano  | Killed a fire dragon
 13455 | Volcano  | Reached skill level 10 in Fighting
 13511 | Volcano  | Found a radiant altar of Vehumet.
 13555 | Volcano  | Found a burning altar of Makhleb.
 13769 | Lair:1   | Received a gift from Yredelemnul (a vampire)
 14282 | Lair:1   | Identified the ring of Ysal {Will+ rCorr Dex+2}
 14844 | Lair:2   | Gained mutation: You are completely covered in sharp
                  | spines. [demonic ancestry]
 14844 | Lair:2   | Reached XP level 13. HP: 103/103 MP: 23/23
 15138 | Lair:2   | Slain by a swamp worm

Illustrated notes

Levels and vault maps discovered:
D:1:      minmay_arrival_semitransparent, layout_rooms, minmay_pentomino_q4
D:2:      layout_loops_ring, serial_shops, shop, kennysheep_generic_room_6,
          uniq_sigmund
D:3:      layout_rooms, old_standard_altar, serial_shops, shop_coins,
          uniq_terence, uniq_grinder
D:4:      layout_basic, minmay_temple_entry_slanted, corner_web_ring,
          uniq_natasha
D:5:      layout_layer_cave, overflow_temple_1_default
D:6:      layout_loops_corners, nicolae_uskayaw_suspiria
D:7:      layout_rooms, grunt_temple_overflow_open, uniq_menkaure
D:8:      gammafunk_corrupted_shrine, layout_loops_ring, kennysheep_mini,
          basic_altar, uniq_erica, uniq_prince_ribbit1
D:9:      layout_irregular_city, overflow_temple_1_default,
          nicolae_overflow_hidden_temple, overflow_temple_1_default, orc_0_dummy
D:10:     layout_roguey, ebering_ghost_xom
D:11:     layout_cave_pools, david_lair_shrubbed, dk_vineyard_2,
          chequers_serial_rivers_micro_b
D:12:     layout_basic
D:13:     layout_loops_ring, minmay_diced_spiral
Lair:1:   layout_small_grid, nicolae_volcano_entry_two_sided,
          minmay_lair_oklob_items, infiniplex_staircase_pool_2
Lair:2:   layout_chaotic_city, palyth_hydra_swamp_entry, lemuel_fruit_tree

Skill      XL: |  1  2  3  4  5  6  7  8  9 10 11 12 |
---------------+-------------------------------------+-----
Axes           | 2 3 4 5 6 7 8 9 10 12 | 12.6
Armour         | 1 2 3 4 5 6 7 9 |  9.0
Fighting       | 4 5 6 7 8 10 | 10.3
Invocations    | 3 4 6 13 | 13.4
Dodging        | |  1.7
Stealth        | |  4.5

Action                   |  1- 3 |  4- 6 |  7- 9 | 10-12 | 13-15 || total
-------------------------+-------+-------+-------+-------+-------++-------
Melee: Hand axe          |    31 |    47 |   118 |     5 |     1 ||   202
       Kick              |     4 |    14 |    48 |    92 |       ||   158
       Battleaxe         |       |       |    23 |   278 |    11 ||   312
Throw: Stone             |    37 |    76 |    84 |    51 |     2 ||   250
Invok: Animate Remains   |       |       |    11 |       |       ||    11
       Recall Undead Sla |       |       |     2 |     1 |       ||     3
       Animate Dead      |       |       |     3 |    33 |     5 ||    41
       Injury Mirror     |       |       |     1 |       |       ||     1
       Drain Life        |       |       |       |     1 |       ||     1
Evoke: Wand              |       |       |    11 |     2 |       ||    13
  Use: Scroll            |       |       |    11 |    11 |       ||    22
       Potion            |       |       |     1 |     5 |       ||     6
 Stab: Sleeping          |     1 |     1 |     4 |     2 |       ||     8
       Distracted        |     1 |       |       |     6 |       ||     7
Armor: Ring mail         |    22 |    11 |    38 |   100 |     9 ||   180
       Chain mail        |       |       |       |    67 |       ||    67
Dodge: Dodged            |    32 |    20 |    70 |   124 |     7 ||   253

Table legend: (Time is in decaauts)
 A = Elapsed time spent in this place.
 B = Non-inter-level travel time spent in this place.
 C = Inter-level travel time spent in this place.
 D = Time resting spent in this place.
 E = Time spent auto-exploring this place.
 F = Levels seen in this place.
 G = Mean time per level.
                   A        B        C        D        E       F      G
               +--------+--------+--------+--------+--------+-----+--------+
         Total |  15244 |  14476 |    768 |   2920 |   9266 |  16 |  952.8 |
       Dungeon |  13267 |  12585 |    682 |   2640 |   8068 |  13 | 1020.5 |
          Lair |   1496 |   1410 |     86 |    153 |   1031 |   2 |  748.0 |
       Volcano |    481 |    481 |      0 |    127 |    167 |   1 |  481.0 |
               +--------+--------+--------+--------+--------+-----+--------+

Top non-repeatable levels by time:
     D:6: 1714 daAuts
    D:11: 1592 daAuts
     D:7: 1283 daAuts
     D:8: 1201 daAuts
     D:9: 1155 daAuts
  Lair:1: 1135 daAuts
    D:12: 1056 daAuts
     D:2: 993 daAuts
     D:4: 971 daAuts
    D:10: 970 daAuts
     D:5: 905 daAuts
     D:3: 634 daAuts
     D:1: 555 daAuts
 Volcano: 481 daAuts
  Lair:2: 360 daAuts
